 Dungeon Crawl Stone Soup version 0.13-a0-2244-g236abbe (webtiles) character file.

11329 JacquesDerrida the Phalangite (level 11, -8/70 HPs)
             Began as a Merfolk Gladiator on July 5, 2013.
             Was a Believer of Okawaru.
             Mangled by Grum
             ... wielding a -2,-1 spear
              (10 damage)
             ... on Level 11 of the Dungeon.
             The game lasted 01:01:29 (14966 turns).

JacquesDerrida the Phalangite (Merfolk Gladiator)  Turns: 14966, Time: 01:01:30

HP  -8/70        AC 12     Str 16      XL: 11   Next: 71%
MP  10/10        EV 20     Int 11      God: Okawaru [**....]
Gold 281         SH  0     Dex 14      Spells:  0 memorised, 10 levels left

Res.Fire  : . . .   See Invis. : .   a - +1 halberd (freeze)
Res.Cold  : . . .   Warding    : .   t - +2 leather armour {rN+}
Life Prot.: + . .   Conserve   : +   (no shield)
Res.Poison: .       Res.Corr.  : .   o - +0 horned helmet
Res.Elec. : .       Clarity    : .   w - +0 cloak
Sust.Abil.: + .     Spirit.Shd : .   E - +2 pair of gauntlets
Res.Mut.  : .       Stasis     : .   F - +0 pair of boots
Res.Rott. : .       Flight     : .   H - amulet of conservation
Saprovore : . . .                    L - ring of sustain abilities
                                     x - cursed ring of protection from magic

@: mildly poisoned, heroism, quite resistant to hostile enchantments, stealthy
A: change form in water, swift swim, -10% hp, Str +1, Dex -1
a: Heroism, Renounce Religion


You were on level 11 of the Dungeon.
You worshipped Okawaru.
Okawaru was greatly pleased with you.
You were not hungry.

You visited 2 branches of the dungeon, and saw 12 of its levels.

You collected 544 gold pieces.
You spent 283 gold pieces at shops.

Inventory:

Hand weapons
 a - a +1,+1 halberd of freezing (weapon)
 b - a +0 blowgun
 g - a +0,+1 whip of flaming
 h - a +0,-1 halberd of dragon slaying
 N - a +1,+1 orcish glaive
 T - a +2,+0 trident
Missiles
 d - 2 throwing nets (quivered)
 n - 6 curare-tipped needles
 r - 25 poisoned needles
 z - a throwing net [torn]
Armour
 c - a +1 helmet
 o - a +0 horned helmet (worn)
 t - a +2 leather armour of positive energy (worn)
 w - a +0 cloak (worn)
 C - a +1 robe of positive energy
 E - a +2 pair of gauntlets (worn)
 F - a +0 pair of boots (worn)
 O - a cursed +0 plate armour
Magical devices
 e - a wand of draining (0)
 j - a wand of digging (14)
 y - a wand of enslavement (19)
 J - a wand of flame (0)
 K - a wand of fireball (3)
Comestibles
 f - 9 bread rations
 l - 2 meat rations
 s - 8 grapes
 S - a chunk of worker ant flesh
 U - a chunk of adder flesh
 V - a choko
Scrolls
 i - 6 scrolls of remove curse {unknown}
 k - 3 scrolls of enchant armour
 q - 4 scrolls of noise
 B - 2 scrolls of magic mapping
 D - 2 scrolls of recharging {unknown}
 G - a scroll of enchant weapon I
 P - a scroll of curse armour
Jewellery
 u - a cursed ring of fire
 x - a cursed ring of protection from magic (left hand)
 H - an amulet of conservation (around neck)
 L - a ring of sustain abilities (right hand)
Potions
 m - a potion of brilliance
 v - a potion of flight
 A - a potion of confusion
Books
 Q - a book of Beasts

   Spells                             Type                      Level
   Summon Butterflies                 Summoning                    1
   Sticks to Snakes                   Transmutation                2
   Call Canine Familiar               Summoning                    3
   Ice Form                           Ice/Transmutation            4
   Summon Ice Beast                   Ice/Summoning                4
   Summon Hydra                       Summoning                    7
Magical staves
 I - an uncursed staff of poison {unknown}


   Skills:
 + Level 4.5(9.5) Fighting
 - Level 21.9(26.9) Polearms
 - Level 2.0(7.0) Throwing
 + Level 9.3(14.3) Dodging


You had 10 spell levels left.
You didn't know any spells.

Dungeon Overview and Level Annotations

Branches:
Dungeon (11/27)            Temple (1/1) D:4             Orc (0/4) D:7
   Lair (0/8) D:11

Altars:
Ashenzari
Cheibriados
Elyvilon
Fedhas
Kikubaaqudgha
Makhleb
Nemelex Xobeh
Okawaru
Sif Muna
Trog
Vehumet
Xom
Yredelemnul
Zin
the Shining One

Shops:
D:4: / D:5: %[[= D:6: =*(

Annotations
D:7 Yermak's ghost, experienced SpIE
D:11 Grum; Nessos


Innate Abilities, Weirdness & Mutations

You revert to your normal form in water.
You are very nimble and swift while swimming.
You are frail (-10% HP).
Your muscles are strong, but stiff (Str +1, Dex -1).


Message History

Okay, then.
Drink which item? (? for menu, Esc to quit)
Okay, then.
Evoke which item? (* to show all) (? for menu, Esc to quit)
Zapping:
e - a wand of draining (1)
Press: ? - help, Shift-Dir - straight line, f - Nessos, p - Grum
Aim: Nessos, wielding a longbow of flame and wearing a centaur barding (heavily wounded, moving very quickly)
The bolt of negative energy hits the wolf.
The wolf is drained!
You kill the wolf!
Okawaru accepts your kill.
The bolt of negative energy hits the manticore skeleton.
The manticore skeleton completely resists.
This wand has 0 charges left.
* * * LOW HITPOINT WARNING * * *
You feel sick.
Nessos pounds the earth with his hooves.
Nessos blinks!
The wolf completely misses you. Grum hits you from afar with a spear!
You die...

# ..............
##................
##.................
##!.................
##...................
##.............###.(..
##.............##
##... #......MC......#
#... #....@%Z..(§.(##
#...
##....hgT(..?(.###....
##...§...............
##.......c.........(
##.................
##...............
##.............
##...........
##.........


You could see Nessos, a cyclops, Grum, a troll, a wolf, a mummy and a manticore
skeleton.

Vanquished Creatures
  An unseen horror (D:11)
  Pikel (D:3)
  A hill giant (D:10)
  A hydra zombie (D:8)
  Joseph (D:10)
  A hill giant skeleton (D:8)
  Sonja (D:10)
  3 trolls
  2 sharks (D:10)
  10 yaks
  2 hippogriffs
  A wyvern (D:10)
  A steam dragon (D:9)
  2 hungry ghosts
  2 wolves
  A yaktaur zombie (D:11)
  3 manticores
  5 ogres
  A sky beast (D:7)
  4 orc warriors
  4 centaurs
  2 phantoms (D:5)
  A slave (D:4)
  A yak skeleton (D:10)
  Duvessa (D:8)
  A big kobold (D:6)
  5 giant frogs
  2 gnoll sergeants (D:5)
  A water moccasin (D:8)
  An eye of draining (D:10)
  4 killer bees (D:7)
  4 wights (D:9)
  A jellyfish (D:10)
  2 quasits
  4 crimson imps
  Dowan (D:8)
  A big kobold skeleton (D:10)
  An ogre skeleton (D:7)
  2 goliath beetles (D:6)
  11 hounds
  11 orc priests
  A crocodile skeleton (D:9)
  5 worker ants
  3 gnoll shamans (D:5)
  3 hound skeletons
  15 orc wizards
  3 scorpions
  4 iguanas
  3 jellies
  A mummy (D:8)
  25 gnolls
  A giant centipede (D:10)
  A scorpion zombie (D:2)
  22 adders
  5 worms
  3 giant eyeballs
  8 giant geckos
  An ooze (D:2)
  42 orcs
  4 ball pythons
  10 bats
  5 giant cockroaches
  9 goblins
  19 hobgoblins
  17 jackals
  24 kobolds
  6 quokkas
  A giant gecko skeleton (D:2)
  8 giant newts
  A giant spore (D:10)
  A goblin zombie (D:2)
  A hobgoblin skeleton (D:2)
  A kobold zombie (D:5)
  An orc skeleton (D:5)
  20 rats
  2 rat skeletons
  A rat zombie (D:2)
  3 ballistomycetes (D:10)
385 creatures vanquished.

Vanquished Creatures (others)
  A hound (D:9)
  A gnoll (D:4)
  An adder (D:4)
  2 orcs
  A bat (D:4)
  2 kobolds
  A jackal (D:6)
  4 rats
13 creatures vanquished.

Grand Total: 398 creatures vanquished

Notes
Turn   | Place    | Note
--------------------------------------------------------------
     0 | D:1      | JacquesDerrida, the Merfolk Gladiator, began the quest for the Orb.
     0 | D:1      | Reached XP level 1. HP: 17/17 MP: 0/0
    37 | D:1      | Reached skill level 5 in Polearms
    37 | D:1      | Reached XP level 2. HP: 10/23 MP: 1/1
   400 | D:1      | Reached skill level 6 in Polearms
   400 | D:1      | Reached XP level 3. HP: 24/28 MP: 2/2
  1068 | D:2      | Reached skill level 7 in Polearms
  1068 | D:2      | Reached XP level 4. HP: 31/35 MP: 3/3
  1467 | D:2      | Reached skill level 8 in Polearms
  1504 | D:2      | Reached XP level 5. HP: 14/40 MP: 4/4
  2422 | D:3      | Reached skill level 9 in Polearms
  2560 | D:3      | Reached XP level 6. HP: 40/46 MP: 5/5
  3249 | D:2      | Reached skill level 10 in Polearms
  3915 | D:4      | Reached XP level 7. HP: 27/51 MP: 6/6
  4061 | D:4      | Reached skill level 11 in Polearms
  4101 | D:4      | Noticed Pikel
  4124 | D:3      | Killed Pikel
  4124 | D:3      | Reached skill level 12 in Polearms
  4124 | D:3      | Reached XP level 8. HP: 29/58 MP: 7/7
  4370 | D:3      | Reached skill level 13 in Polearms
  5374 | D:4      | Found a staircase to the Ecumenical Temple.
  5418 | Temple   | Entered the Ecumenical Temple
  5857 | D:4      | Found Sheyly's Magical Wand Emporium.
  6074 | D:5      | Entered Level 5 of the Dungeon
  6074 | D:5      | Found Voifefev's Antique Armour Boutique.
  6100 | D:5      | Found Ivaiwus' Jewellery Shop.
  6124 | D:5      | Bought a glowing leather armour for 36 gold pieces
  6124 | D:5      | Bought a cloak for 18 gold pieces
  6358 | D:5      | Found Qaaqurcha's Food Boutique.
  6377 | D:5      | Found a blossoming altar of Fedhas.
  6413 | D:5      | Found Pro Fyuc's Armour Emporium.
  6446 | D:5      | Reached skill level 14 in Polearms
  6864 | D:5      | Reached XP level 9. HP: 44/63 MP: 8/8
  7041 | D:5      | Bought a +2 pair of gauntlets for 179 gold pieces
  7046 | D:5      | Bought a +0 pair of boots for 26 gold pieces
  7213 | D:5      | Reached skill level 15 in Polearms
  7742 | D:6      | Found Smalloy's Weapon Boutique.
  7748 | D:6      | Bought 4 curare-tipped needles for 24 gold pieces
  7909 | D:6      | Reached skill level 5 in Dodging
  8146 | D:6      | Found Suhixos' General Store.
  8166 | D:6      | Found Nyneumergh's Jewellery Boutique.
  8815 | D:7      | Noticed Yermak's ghost (experienced SpIE)
  8923 | D:6      | Gained mutation: You digest meat inefficiently. [potion of mutation]
  8923 | D:6      | Gained mutation: Your muscles are strong, but stiff (Str +1, Dex -1). [potion of mutation]
  8923 | D:6      | Gained mutation: You have a fast metabolism. [potion of mutation]
  8925 | D:6      | Lost mutation: You have a fast metabolism. [potion of mutation]
  8925 | D:6      | Gained mutation: You are frail (-10% HP). [potion of mutation]
  8925 | D:6      | Lost mutation: You digest meat inefficiently. [potion of mutation]
  9437 | D:7      | Found a staircase to the Orcish Mines.
  9821 | D:7      | Paralysed by a giant eyeball for 2 turns
  9887 | D:7      | Reached skill level 16 in Polearms
 10173 | D:8      | Noticed Duvessa
 10187 | D:8      | Noticed Dowan
 10209 | D:8      | Killed Dowan
 10212 | D:8      | Killed Duvessa
 10425 | D:8      | Found a shattered altar of Ashenzari.
 10765 | D:8      | Reached XP level 10. HP: 62/62 MP: 9/9
 10791 | D:8      | Noticed a six-headed hydra zombie
 10803 | D:8      | Reached skill level 17 in Polearms
 10876 | D:8      | Killed a six-headed hydra zombie
 11330 | D:8      | Reached skill level 18 in Polearms
 11411 | D:9      | Paralysed by a giant eyeball for 4 turns
 11808 | D:9      | Reached skill level 19 in Polearms
 12159 | D:9      | Found a deep blue altar of Sif Muna.
 12434 | D:9      | Found an iron altar of Okawaru.
 12442 | D:9      | Became a worshipper of Warmaster Okawaru
 12807 | D:10     | Entered Level 10 of the Dungeon
 12807 | D:10     | Noticed Sonja
 12873 | D:9      | Reached skill level 20 in Polearms
 12875 | D:9      | Reached XP level 11. HP: 66/66 MP: 10/10
 12928 | D:9      | HP: 1/66 [troll (13)]
 13276 | D:9      | Acquired Okawaru's first power
 13738 | D:10     | Killed Sonja
 13780 | D:10     | Reached skill level 21 in Polearms
 13910 | D:10     | Found a basalt altar of Yredelemnul.
 14137 | D:10     | Noticed a hill giant
 14173 | D:10     | Killed a hill giant
 14742 | D:11     | Noticed Joseph
 14787 | D:10     | Killed Joseph
 14803 | D:11     | Killed an unseen horror
 14825 | D:11     | Found a staircase to the Lair.
 14826 | D:11     | Paralysed by a giant eyeball for 2 turns
 14947 | D:11     | Noticed Grum
 14949 | D:11     | Noticed Nessos
 14962 | D:11     | HP: 3/69 [Grum/spear (2)]
 14966 | D:11     | Mangled by Grum

Action                   |  1- 3 |  4- 6 |  7- 9 | 10-12 || total
-------------------------+-------+-------+-------+-------++-------
Melee: Trident           |   131 |   282 |   780 |   152 ||  1345
       Glaive            |       |       |       |    67 ||    67
       Halberd           |       |       |       |   269 ||   269
 Fire: Blowgun           |       |     9 |    75 |    46 ||   130
Throw: Throwing net      |       |       |     2 |       ||     2
Invok: Heroism           |       |       |       |     3 ||     3
Evoke: Wand              |       |       |    11 |    10 ||    21
  Use: Potion            |       |     4 |     9 |     2 ||    15
       Scroll            |       |     3 |    14 |     7 ||    24
 Stab: Sleeping          |       |       |     1 |       ||     1
